[Event "Titled Tuesday Blitz September 20 Late 2022"]
[White "Caruana, Fabiano"]
[Black "Lenderman, Aleksandr"]
[WhiteFideId "2020009"]
[BlackFideId "2021285"]
[WhiteElo "3046"]
[BlackElo "2959"]
[Result "1/2-1/2"]
[Round "09"]
[TimeControl "180+1"]
[Date "2022.09.20"]
[WhiteClock "0:01:42"]
[BlackClock "0:01:41"]

1. e4 e6 2. d4 d5 3. e5 c5 4. c3 Nc6 5. Nf3 Bd7 6. a3 c4 7. Be2 Na5 8. Nbd2 Ne7 9. O-O Nc8 10. Qe1 Nb6 11. Bd1 Ba4 12. Qe2 Qd7 13. Ng5 h6 14. Nh3 Bxd1 15. Rxd1 Qa4 16. Nf1 O-O-O 17. Nf4 Rd7 18. Nh5 Nb3 19. Rb1 Nxc1 20. Rdxc1 Qc6 21. Ne3 Kb8 22. Qc2 Rc7 23. Rf1 g6 24. Ng3 h5 25. Ne2 Qa4 26. Qd2 Nc8 27. f4 Ne7 28. Kh1 Qd7 29. Ng1 Bh6 30. Nh3 Rhc8 31. Ng5 Bxg5 32. fxg5 Nf5 33. Rbe1 Qe7 34. Nxf5 exf5 35. e6 fxe6 36. Qf4 Ka8 37. Re2 Rc6 38. Rfe1 Re8 39. h4 Qd6 40. Re5 a6 41. Kh2 Ka7 42. Kg3 Rb6 43. R1e2 Re7 44. Kh3 Re8 45. Qe3 Re7 46. Qf3 Kb8 47. Qg3 Ka7 48. Qe3 Kb8 49. Qg3 Ka7 50. Qe3 Kb8 51. Qf3 Ka7 52. Qf1 Kb8 53. Qd1 Ka7 54. Qd2 Kb8 55. Qf4 Ka7 56. Qe3 1/2-1/2


[Site "https://www.chess.com"]

[Event "Titled Tuesday Blitz September 20 Late 2022"]
[White "Ceres, Dragos"]
[Black "Hansen, Eric"]
[WhiteFideId "13905864"]
[BlackFideId "2606771"]
[WhiteElo "2150"]
[BlackElo "2568"]
[Result "1-0"]
[Round "09"]
[TimeControl "180+1"]
[Date "2022.09.20"]
[WhiteClock "0:00:26"]
[BlackClock "0:00:02"]

1. e4 e5 2. Nf3 Nc6 3. Nc3 Nf6 4. Bb5 Nd4 5. Bc4 Nxf3+ 6. Qxf3 c6 7. d3 d6 8. O-O Be7 9. Qg3 O-O 10. Bh6 Ng4 11. Bd2 Bh4 12. Qf3 Bg5 13. Qe2 b5 14. Bb3 a5 15. a4 b4 16. Nd1 Bxd2 17. Qxd2 Be6 18. Bc4 d5 19. exd5 cxd5 20. Bb5 Rc8 21. c3 bxc3 22. Nxc3 Qd6 23. h3 Nf6 24. Rae1 d4 25. Ne4 Nxe4 26. Rxe4 Bd5 27. Re2 Rc5 28. Qxa5 Qg6 29. f3 Qxd3 30. Bxd3 Rxa5 31. Rxe5 Rd8 32. Bb5 Be6 33. Rd1 Kf8 34. Re4 d3 35. Rxd3 Rxd3 36. Bxd3 Bf5 37. Rd4 Bxd3 38. Rxd3 Rxa4 39. Kf2 Ra2 40. Rb3 Ra1 41. g4 Rc1 42. Rb7 g5 43. Rb5 h6 44. h4 gxh4 45. Kg2 Kg7 46. Kh3 Rh1+ 47. Kg2 Rb1 48. Rb6 f6 49. Kh3 Kg6 50. Kxh4 Rh1+ 51. Kg3 Rb1 52. Kf4 Rc1 53. b3 Rb1 54. Rb8 Rb2 55. b4 Rb3 56. b5 Rb4+ 57. Kg3 h5 58. gxh5+ Kxh5 59. b6 Kg6 60. Kf2 Rb3 61. Kg3 Rb4 62. b7 Kg7 63. f4 f5 64. Kf3 Rb3+ 65. Ke2 Kh7 66. Kd2 Kg7 67. Kc2 Rb4 68. Kc3 Rb1 69. Kd4 Kh7 70. Ke5 Rb5+ 71. Kf6 Rb6+ 72. Kxf5 Kg7 73. Kg4 Rb1 74. f5 Rb4+ 75. Kf3 Rb3+ 76. Ke2 Rb5 77. f6+ Kh7 78. f7 1-0


[Site "https://www.chess.com"]

[Event "Titled Tuesday Blitz September 20 Late 2022"]
[White "Christiansen, Johan-Sebastian"]
[Black "Terry, Renato"]
[WhiteFideId "1512668"]
[BlackFideId "3803457"]
[WhiteElo "2513"]
[BlackElo "2577"]
[Result "0-1"]
[Round "09"]
[TimeControl "180+1"]
[Date "2022.09.20"]
[WhiteClock "0:00:04"]
[BlackClock "0:00:17"]

1. c4 b6 2. Nc3 Bb7 3. d4 e6 4. e4 Bb4 5. f3 f5 6. exf5 Nh6 7. fxe6 Nf5 8. Nh3 O-O 9. a3 Bd6 10. Nf2 dxe6 11. Qd3 Qh4 12. Nb5 Nc6 13. g3 Qe7 14. Bg2 Rad8 15. O-O Bc5 16. d5 Ne5 17. Qe2 exd5 18. Bf4 Nxc4 19. Qxe7 Nxe7 20. Bxc7 Rd7 21. Bh3 Nf5 22. b4 Be3 23. Bf4 Bxf4 24. gxf4 Nd2 25. Ng4 Nxf1 26. Ne5 Re7 27. Rxf1 Nh4 28. Nd6 Rxf4 29. Nxb7 Rxe5 30. Rc1 Nxf3+ 31. Kg2 Nh4+ 32. Kg3 g5 33. Rc8+ Kg7 34. Rc7+ Kg6 35. Rc3 d4 36. Rd3 Re3+ 0-1


[Site "https://www.chess.com"]

[Event "Titled Tuesday Blitz September 20 Late 2022"]
[White "Girel, Joseph"]
[Black "Muradli, Mahammad"]
[WhiteFideId "36033561"]
[BlackFideId "13409301"]
[WhiteElo "2104"]
[BlackElo "2611"]
[Result "0-1"]
[Round "09"]
[TimeControl "180+1"]
[Date "2022.09.20"]
[WhiteClock "0:00:01"]
[BlackClock "0:00:28"]

1. d4 Nf6 2. c4 g6 3. Nf3 Bg7 4. g3 O-O 5. Bg2 b6 6. O-O Bb7 7. d5 c6 8. Nc3 cxd5 9. cxd5 d6 10. Nd4 Qd7 11. h3 Rc8 12. Be3 a6 13. Qd2 b5 14. b4 Rxc3 15. Qxc3 Nxd5 16. Qb3 Nxe3 17. Qxe3 Bxg2 18. Kxg2 Nc6 19. Nf3 Bxa1 20. Rxa1 Nxb4 21. Qh6 f6 22. Rd1 Qe6 23. Rd4 Nc6 24. Rg4 Ne5 25. Nxe5 fxe5 26. Rg5 Rf8 27. f3 Rf5 28. Rg4 Rf6 29. Qd2 Kg7 30. h4 h5 31. Re4 Rf8 32. a4 Rc8 33. axb5 axb5 34. Qa5 Qd5 35. Qa7 Kf7 36. Qd7 Rc4 37. Re3 Rc1 38. Qa7 Qd1 39. Qa2+ Kg7 40. Qe6 Qh1+ 41. Kf2 Qg1# 0-1


[Site "https://www.chess.com"]

[Event "Titled Tuesday Blitz September 20 Late 2022"]
[White "Graif, William"]
[Black "Melikyan, Gnel"]
[WhiteFideId "2609835"]
[BlackFideId "54109990"]
[WhiteElo "1942"]
[BlackElo "1772"]
[Result "0-1"]
[Round "09"]
[TimeControl "180+1"]
[Date "2022.09.20"]
[WhiteClock "0:00:01"]
[BlackClock "0:01:41"]

1. d4 e6 2. e4 d5 3. Be3 dxe4 4. f3 Nf6 5. fxe4 Nxe4 6. Nf3 Be7 7. Bd3 Nf6 8. O-O c6 9. Qe1 h6 10. Qg3 Nd5 11. Ne5 Bf6 12. Bg6 O-O 13. Bd3 Nxe3 14. Qxe3 c5 15. c3 cxd4 16. cxd4 Nc6 17. Nxc6 bxc6 18. Kh1 Qxd4 19. Qe2 Qxb2 20. Nd2 Rd8 21. Qe4 Qxd2 22. Rad1 Qg5 23. Qh7+ Kf8 0-1


[Site "https://www.chess.com"]

[Event "Titled Tuesday Blitz September 20 Late 2022"]
[White "Gurevich, Dmitry"]
[Black "Nasuta, Grzegorz"]
[WhiteFideId "2000407"]
[BlackFideId "1141686"]
[WhiteElo "2506"]
[BlackElo "2354"]
[Result "0-1"]
[Round "09"]
[TimeControl "180+1"]
[Date "2022.09.20"]
[WhiteClock "0:00:11"]
[BlackClock "0:01:14"]

1. d4 d5 2. c4 e6 3. Nc3 c6 4. e4 dxe4 5. Nxe4 Bb4+ 6. Nc3 c5 7. Nf3 Nf6 8. Be2 Nc6 9. Be3 Ng4 10. O-O Nxe3 11. fxe3 O-O 12. a3 Ba5 13. dxc5 Bxc3 14. bxc3 Qa5 15. Qc2 Qxc5 16. Nd4 Ne5 17. Qb3 b6 18. Qb4 Ba6 19. Qxc5 bxc5 20. Nb5 Bb7 21. a4 a6 22. Nd6 Bc6 23. a5 Rfd8 24. Rfd1 Rd7 25. Nb5 Rxd1+ 26. Rxd1 axb5 27. cxb5 Bd5 28. a6 c4 29. e4 Bxe4 30. b6 Kf8 31. b7 Bxb7 32. axb7 Rb8 33. Rb1 Ke7 34. Rb5 Kd6 35. Kf2 f6 36. Ke3 Kc6 37. Rb4 Rxb7 38. Rb5 Rxb5 0-1


[Site "https://www.chess.com"]

[Event "Titled Tuesday Blitz September 20 Late 2022"]
[White "Iliaguev, Nisim"]
[Black "Bayo Milagro, Alvaro"]
[WhiteFideId "2817276"]
[BlackFideId "22275240"]
[WhiteElo "2107"]
[BlackElo "2270"]
[Result "1-0"]
[Round "09"]
[TimeControl "180+1"]
[Date "2022.09.20"]
[WhiteClock "0:00:41"]
[BlackClock "0:00:05"]

1. c4 Nf6 2. g3 e5 3. Bg2 Bc5 4. Nc3 d6 5. e3 a6 6. Nge2 Ba7 7. O-O O-O 8. d4 Nc6 9. h3 Bf5 10. b3 exd4 11. exd4 Rb8 12. Be3 Qd7 13. Kh2 Rfe8 14. Qd2 Ne4 15. Nxe4 Bxe4 16. Rae1 Bxg2 17. Kxg2 Ne7 18. Nc3 Nf5 19. Qd3 Nxe3+ 20. fxe3 c6 21. Rf3 Re7 22. Ref1 Rbe8 23. e4 c5 24. d5 Bb6 25. Rf5 Bd8 26. h4 Rf8 27. R5f2 Ree8 28. Nd1 b5 29. Ne3 g6 30. Rf4 h5 31. Nd1 Re5 32. Qf3 bxc4 33. bxc4 Ba5 34. Nf2 Bd2 35. Rf6 Bh6 36. Nd3 Re7 37. e5 dxe5 38. Nxc5 Qa7 39. Ne4 Bg7 40. c5 Qb7 41. c6 Qb4 42. d6 Ra7 43. d7 Qe7 44. Rd1 Raa8 45. c7 Bxf6 46. Nxf6+ Kg7 47. Qxa8 Rxa8 48. d8=Q Qxf6 49. Qxf6+ Kxf6 50. Rd8 1-0


[Site "https://www.chess.com"]

[Event "Titled Tuesday Blitz September 20 Late 2022"]
[White "Janaszak, Dawid"]
[Black "Dimitrov, Atanas"]
[WhiteFideId "1119206"]
[BlackFideId "2901315"]
[WhiteElo "2165"]
[BlackElo "2664"]
[Result "1-0"]
[Round "09"]
[TimeControl "180+1"]
[Date "2022.09.20"]
[WhiteClock "0:01:45"]
[BlackClock "0:00:55"]

1. d4 Nf6 2. Nf3 g6 3. Bf4 Bg7 4. c3 O-O 5. Nbd2 d5 6. h3 c5 7. e3 Nc6 8. Be2 b6 9. O-O Bb7 10. Qa4 Nd7 11. Rfd1 a6 12. b4 b5 13. Qb3 c4 14. Qc2 e6 15. a4 Re8 16. Bh2 Qe7 17. e4 Nf6 18. e5 Ne4 19. Nxe4 dxe4 20. Nd2 e3 21. fxe3 Bh6 22. Bf4 Qh4 23. Rf1 Bxf4 24. Rxf4 Qh6 25. Raf1 Nd8 26. Bf3 Bxf3 27. R1xf3 Re7 28. a5 Nc6 29. Ne4 Rd8 30. Nf6+ Kh8 31. Qe4 Nb8 32. Rh4 1-0


[Site "https://www.chess.com"]

[Event "Titled Tuesday Blitz September 20 Late 2022"]
[White "Jobava, Baadur"]
[Black "Xiong, Jeffery"]
[WhiteFideId "13601520"]
[BlackFideId "2047640"]
[WhiteElo "2930"]
[BlackElo "2990"]
[Result "0-1"]
[Round "09"]
[TimeControl "180+1"]
[Date "2022.09.20"]
[WhiteClock "0:00:02"]
[BlackClock "0:00:09"]

1. e4 e5 2. Nf3 Nf6 3. Nxe5 d6 4. Nf3 Nxe4 5. d3 Nf6 6. d4 g6 7. Bd3 Bg7 8. O-O O-O 9. c3 Re8 10. a4 c5 11. Na3 Nc6 12. dxc5 dxc5 13. Bb5 Bd7 14. Be3 a6 15. Be2 Qe7 16. Re1 Rad8 17. Qb3 Be6 18. Qb6 Bf8 19. Bxa6 bxa6 20. Qxc6 Qa7 21. Ng5 Nd5 22. a5 h6 23. Nxe6 Rxe6 24. Qa4 Nxe3 25. Rxe3 Rxe3 26. fxe3 Qe7 27. Re1 Rd2 28. b3 Bg7 29. Nb1 Rb2 30. Qc4 Qb7 31. e4 Rxb3 32. Qd3 c4 33. Qd1 Qa7+ 34. Kh1 Qc5 35. h3 Qxa5 36. e5 Bxe5 37. Qe2 Bf6 38. Qxc4 Qb5 39. Qc8+ Kg7 40. Nd2 Rxc3 41. Qg4 Qg5 42. Ne4 Qxg4 43. hxg4 Rc6 44. g3 Re6 45. Kg2 Bd4 0-1


[Site "https://www.chess.com"]

[Event "Titled Tuesday Blitz September 20 Late 2022"]
[White "Kavutskiy, Konstantin"]
[Black "Harvey, Marcus R"]
[WhiteFideId "2026384"]
[BlackFideId "400092"]
[WhiteElo "2338"]
[BlackElo "2485"]
[Result "0-1"]
[Round "09"]
[TimeControl "180+1"]
[Date "2022.09.20"]
[WhiteClock "0:00:01"]
[BlackClock "0:00:30"]

1. d4 Nf6 2. c4 e6 3. Nf3 b6 4. g3 Bb7 5. Bg2 c5 6. d5 exd5 7. cxd5 Bxd5 8. Nc3 Bc6 9. e4 d6 10. O-O Be7 11. Nh4 O-O 12. Nf5 Qd7 13. Bf4 Rd8 14. Re1 Bf8 15. Bg5 Be7 16. Nxe7+ Qxe7 17. Nd5 Bxd5 18. exd5 Qf8 19. Bh3 Nbd7 20. Bxd7 Nxd7 21. Bxd8 Rxd8 22. Qa4 Ne5 23. Kg2 a5 24. f4 Ng4 25. h3 Nf6 26. Rad1 Rc8 27. Qb3 Qd8 28. Qc4 Qd7 29. a4 h5 30. Qc2 b5 31. axb5 Rb8 32. Re2 Qxb5 33. Rde1 Nxd5 34. Qf5 Nf6 35. g4 Qc6+ 36. Kh2 hxg4 37. hxg4 Qf3 38. Rg2 Qd5 39. Qxd5 Nxd5 40. Rd2 Nxf4 41. Kg3 g5 42. Rxd6 Rb3+ 43. Kf2 Nd3+ 44. Rxd3 Rxd3 45. Re5 f6 46. Rxc5 Rd4 47. Kf3 a4 48. Rb5 Kf7 0-1


[Site "https://www.chess.com"]

[Event "Titled Tuesday Blitz September 20 Late 2022"]
[White "Leitao, Rafael"]
[Black "Shuvalov, Evgenij"]
[WhiteFideId "2101246"]
[BlackFideId "4187237"]
[WhiteElo "2609"]
[BlackElo "2033"]
[Result "0-1"]
[Round "09"]
[TimeControl "180+1"]
[Date "2022.09.20"]
[WhiteClock "0:00:13"]
[BlackClock "0:00:20"]

1. c4 c6 2. d4 d5 3. Nf3 Nf6 4. e3 Bf5 5. Nc3 e6 6. Nh4 Bg6 7. Be2 Nbd7 8. g3 Be7 9. O-O O-O 10. Nxg6 hxg6 11. a3 a5 12. Bd2 Re8 13. Rc1 Bd6 14. c5 Bc7 15. f4 Nh7 16. b4 b5 17. cxb6 Nxb6 18. b5 cxb5 19. Nxb5 Bd6 20. Rc6 Bf8 21. Nc7 Rc8 22. Bxa5 Qd7 23. Rxb6 Qxc7 24. Bb5 Qa7 25. Qa4 Re7 26. Ra6 Qb7 27. Rb1 Nf6 28. Bd3 Qxb1+ 29. Bxb1 Rc1+ 30. Kg2 Rxb1 31. Ra8 Rb2+ 32. Kh3 Ne4 33. Bb4 Nf2+ 34. Kh4 Ne4 35. Rxf8+ Kh7 36. Kh3 Nf2+ 37. Kh4 Ne4 38. h3 Rh2 39. Qa8 g5+ 40. fxg5 Nf2 41. g6+ Kxg6 0-1


[Site "https://www.chess.com"]

[Event "Titled Tuesday Blitz September 20 Late 2022"]
[White "Lewtak, Damian"]
[Black "Moral Garcia, Serafin"]
[WhiteFideId "1141724"]
[BlackFideId "2201925"]
[WhiteElo "2329"]
[BlackElo "2259"]
[Result "1-0"]
[Round "09"]
[TimeControl "180+1"]
[Date "2022.09.20"]
[WhiteClock "0:00:33"]
[BlackClock "0:00:24"]

1. d4 Nf6 2. Nf3 g6 3. c4 Bg7 4. Nc3 d5 5. e3 O-O 6. Be2 c5 7. dxc5 dxc4 8. O-O Nbd7 9. Qd4 Qa5 10. Qxc4 Qxc5 11. Qh4 Ne5 12. e4 Nxf3+ 13. Bxf3 Be6 14. a3 Rfd8 15. Be3 Qc4 16. Rfc1 Qb3 17. Rab1 Nd7 18. Bd1 Qc4 19. Nd5 Qd3 20. Bc2 Qe2 21. Nxe7+ Kh8 22. Bg5 Ne5 23. Nf5 Nd3 24. Bxd3 Rxd3 25. Nxg7 Rh3 26. gxh3 1-0


[Site "https://www.chess.com"]

[Event "Titled Tuesday Blitz September 20 Late 2022"]
[White "Melkumyan, Hrant"]
[Black "Lin, Dachey"]
[WhiteFideId "13302485"]
[BlackFideId "2029650"]
[WhiteElo "2604"]
[BlackElo "2313"]
[Result "1-0"]
[Round "09"]
[TimeControl "180+1"]
[Date "2022.09.20"]
[WhiteClock "0:00:02"]
[BlackClock "0:00:02"]

1. Nf3 g6 2. e4 Bg7 3. d4 c6 4. Nc3 d5 5. h3 dxe4 6. Nxe4 Nd7 7. Bd3 Ngf6 8. Qe2 O-O 9. O-O Nxe4 10. Qxe4 Nf6 11. Qh4 Qa5 12. Bg5 Be6 13. Rfe1 Rfd8 14. c3 Qb6 15. Re2 c5 16. Rae1 Rac8 17. Bh6 Bh8 18. Ng5 Bxa2 19. Rxe7 cxd4 20. c4 Bxc4 21. Bxc4 Rxc4 22. Nxf7 Rdc8 23. Bg5 R4c7 24. Nh6+ Kf8 25. R7e6 Rc6 26. Re7 R6c7 27. R7e6 Rc6 28. R6e5 d3 29. Qf4 Bg7 30. Re7 R6c7 31. R7e6 Rc6 32. Re7 R6c7 33. R7e4 d2 34. Rf1 Bxh6 35. Bxh6+ Kg8 36. Rd4 Rf7 37. Qxd2 Re8 38. Rd1 Ne4 39. Qd3 Nxf2 40. Rd8 Qc6 41. Rxe8+ Qxe8 42. Qd8 1-0


[Site "https://www.chess.com"]

[Event "Titled Tuesday Blitz September 20 Late 2022"]
[White "Mihajlov, Sebastian"]
[Black "Korchmar, Vasiliy"]
[WhiteFideId "1512110"]
[BlackFideId "24131750"]
[WhiteElo "2464"]
[BlackElo "2370"]
[Result "1-0"]
[Round "09"]
[TimeControl "180+1"]
[Date "2022.09.20"]
[WhiteClock "0:00:24"]
[BlackClock "0:00:02"]

1. e4 c5 2. Nf3 d6 3. d4 cxd4 4. Nxd4 Nf6 5. Nc3 Nc6 6. Bc4 Qb6 7. Nf3 e6 8. a3 a6 9. Be3 Qc7 10. Ba2 Be7 11. Nd4 O-O 12. Qe2 b5 13. f3 Rb8 14. Nxc6 Qxc6 15. O-O a5 16. Ba7 Ra8 17. Bd4 b4 18. Nb5 bxa3 19. bxa3 a4 20. c4 Ba6 21. Rab1 Nd7 22. Qb2 e5 23. Be3 Nc5 24. Rfd1 f5 25. exf5 Rxf5 26. Nc3 Raf8 27. Nd5 Bd8 28. Qc2 Bb7 29. Rb6 Qc8 30. Rxd6 Kh8 31. Rxd8 Rxd8 32. Ne7 Rxd1+ 33. Qxd1 Qf8 34. Nxf5 Nb3 35. Qd6 1-0


[Site "https://www.chess.com"]

[Event "Titled Tuesday Blitz September 20 Late 2022"]
[White "Mladek, Richard"]
[Black "Fiorito, Joaquin"]
[WhiteFideId "386588"]
[BlackFideId "180173"]
[WhiteElo "2263"]
[BlackElo "1758"]
[Result "1-0"]
[Round "09"]
[TimeControl "180+1"]
[Date "2022.09.20"]
[WhiteClock "0:00:11"]
[BlackClock "0:00:25"]

1. Nf3 d5 2. b3 c5 3. Bb2 Nc6 4. e3 Nf6 5. Bb5 Bd7 6. O-O a6 7. Bxc6 Bxc6 8. Ne5 Rc8 9. d3 g6 10. Nd2 Bg7 11. f4 O-O 12. Qe2 b5 13. Nxc6 Rxc6 14. Nf3 Rc8 15. e4 dxe4 16. dxe4 Qb6 17. Rfd1 c4+ 18. Bd4 Qb7 19. e5 Nd5 20. Qe4 e6 21. b4 c3 22. Bc5 Rfd8 23. Rd4 Bf8 24. Bxf8 Rxf8 25. Rad1 Qb6 26. g4 Rc4 27. a3 Rxd4 28. Rxd4 a5 29. Kg2 axb4 30. axb4 Qa7 31. f5 Qa1 32. f6 Qc1 33. Kg3 Ra8 34. Rxd5 exd5 35. Qxd5 Re8 36. Qd7 Rf8 37. e6 fxe6 38. Qg7# 1-0


[Site "https://www.chess.com"]

[Event "Titled Tuesday Blitz September 20 Late 2022"]
[White "Musovic, Armin"]
[Black "Goroshkov, Maksym"]
[WhiteFideId "939935"]
[BlackFideId "14142716"]
[WhiteElo "2255"]
[BlackElo "2257"]
[Result "0-1"]
[Round "09"]
[TimeControl "180+1"]
[Date "2022.09.20"]
[WhiteClock "0:00:02"]
[BlackClock "0:00:23"]

1. a3 a6 2. Nc3 Nf6 3. e4 e5 4. f4 d5 5. exd5 exf4 6. Qf3 Bd6 7. d4 Bg4 8. Qf2 O-O 9. Bxf4 Re8+ 10. Be2 Bxe2 11. Ngxe2 Bxf4 12. Qxf4 Nxd5 13. Nxd5 Qxd5 14. Qf3 Qxd4 15. Rf1 Nc6 16. Qxf7+ Kh8 17. Rd1 Qxb2 18. Rd7 Qe5 19. Rf2 h6 20. Kd2 Rad8 21. Ke1 Rxd7 22. Qxd7 Rd8 23. Qxd8+ Nxd8 24. Rf8+ Kh7 25. Rxd8 Qa1+ 26. Rd1 Qxa3 27. c3 Qc5 28. Rd4 a5 29. h4 b5 30. g4 b4 31. cxb4 axb4 32. h5 b3 33. Rd2 Qa3 34. Nc3 b2 35. Nb1 Qa2 36. Rd1 Qe6+ 37. Kd2 Qxg4 38. Kc2 Qxh5 39. Rd3 Qf5 40. Kc3 h5 41. Rd1 h4 42. Kxb2 h3 43. Nc3 Qf3 44. Rd5 Qxd5 45. Nxd5 h2 46. Nf6+ gxf6 0-1


[Site "https://www.chess.com"]

[Event "Titled Tuesday Blitz September 20 Late 2022"]
[White "Navarrete Mendez, Gonzalo Alberto"]
[Black "Rustemov, Alexander"]
[WhiteFideId "5106850"]
[BlackFideId "4119002"]
[WhiteElo "2261"]
[BlackElo "2847"]
[Result "1-0"]
[Round "09"]
[TimeControl "180+1"]
[Date "2022.09.20"]
[WhiteClock "0:00:16"]
[BlackClock "0:00:04"]

1. e4 e6 2. d4 d5 3. Nc3 dxe4 4. Nxe4 Bd7 5. Nf3 Bc6 6. Neg5 Nd7 7. Nxf7 Kxf7 8. Ng5+ Ke8 9. Nxe6 Qe7 10. Qe2 Rc8 11. Bf4 Bd5 12. Qh5+ g6 13. Qxd5 Kf7 14. Bc4 Nb6 15. Qxb7 Nxc4 16. Qxc8 Qxe6+ 17. Qxe6+ Kxe6 18. O-O-O Kd7 19. Be5 Bh6+ 20. Kb1 Nxe5 21. dxe5+ Ke6 22. g3 Ne7 23. f4 g5 24. fxg5 Bxg5 25. h4 Bh6 26. Rd4 Bg7 27. Rc4 Bxe5 28. Re1 c6 29. Rce4 Ng6 30. h5 Kf5 31. hxg6 Bxg3 32. g7 Rg8 33. Re8 Rxg7 34. Rh1 Kg4 35. Re4+ Kf3 36. Re6 Kg2 37. Reh6 Rf7 38. Rxh7 Rf2 39. a3 Be5 40. R7h6 Bd4 41. R1h4 c5 42. Rh2+ Kf3 43. Rxf2+ Kxf2 44. Ra6 c4 45. Rc6 c3 46. bxc3 Bb6 47. Rxb6 axb6 48. Kb2 Ke3 49. Kb3 Ke4 50. Kb4 Kd5 51. Kb5 1-0


[Site "https://www.chess.com"]

[Event "Titled Tuesday Blitz September 20 Late 2022"]
[White "Panarin, Mikhail"]
[Black "Maze, Sebastien"]
[WhiteFideId "4153251"]
[BlackFideId "613762"]
[WhiteElo "2495"]
[BlackElo "2430"]
[Result "1-0"]
[Round "09"]
[TimeControl "180+1"]
[Date "2022.09.20"]
[WhiteClock "0:00:10"]
[BlackClock "0:00:04"]

1. e4 c5 2. Nf3 Nc6 3. d4 cxd4 4. Nxd4 g6 5. c4 Bg7 6. Be3 Nf6 7. Nc3 O-O 8. Be2 d6 9. O-O Bd7 10. Qd2 Nxd4 11. Bxd4 Bc6 12. f3 a5 13. b3 Nd7 14. Be3 Nc5 15. Rac1 Be5 16. Rfd1 e6 17. Bg5 f6 18. Be3 f5 19. exf5 gxf5 20. Bg5 Qe8 21. Bf4 Rd8 22. Bxe5 dxe5 23. Qe3 Rxd1+ 24. Rxd1 Nd7 25. c5 Qe7 26. Rd6 Kh8 27. Bc4 Qg7 28. Rxe6 e4 29. f4 Nf6 30. h3 Nh5 31. Ne2 Rg8 32. g4 fxg4 33. h4 g3 34. Rxc6 bxc6 35. Bxg8 Kxg8 36. Qxe4 Qg4 37. Qe8+ Kg7 38. Qe7+ Kg8 39. Qg5+ Qxg5 40. fxg5 Kf7 41. Nd4 Nf4 42. Nxc6 Ke6 43. Nd4+ Kd5 44. Nf5 Kxc5 45. Nxg3 Kb4 46. Ne4 Ka3 47. Kf2 Kxa2 48. Nc5 Ka3 49. Kf3 Ng6 50. h5 Nf8 51. Kg4 Kb4 52. Nb7 Kb5 53. Nd6+ Kc5 54. Nc4 a4 55. bxa4 Kxc4 56. Kf5 Kb4 57. Kf6 Kxa4 58. Kf7 Nd7 59. Kg7 Kb5 60. Kxh7 Kc6 61. Kg7 Kd6 62. h6 Ke6 63. h7 Kf5 64. h8=Q 1-0


[Site "https://www.chess.com"]

[Event "Titled Tuesday Blitz September 20 Late 2022"]
[White "Paravyan, David"]
[Black "Martinez Alcantara, Jose Eduardo"]
[WhiteFideId "4194985"]
[BlackFideId "3805662"]
[WhiteElo "2913"]
[BlackElo "2998"]
[Result "1-0"]
[Round "09"]
[TimeControl "180+1"]
[Date "2022.09.20"]
[WhiteClock "0:01:37"]
[BlackClock "0:00:25"]

1. Nf3 d5 2. g3 Bg4 3. Ne5 Bf5 4. c4 dxc4 5. Bg2 c6 6. Nxc4 Nf6 7. Nc3 e6 8. O-O Be7 9. d4 O-O 10. h3 h6 11. e4 Bh7 12. Be3 Nbd7 13. a3 Nb6 14. Ne5 Nfd7 15. Nd3 Nc4 16. Bf4 e5 17. dxe5 g5 18. Bc1 Ndxe5 19. Nxe5 Nxe5 20. Qe2 Qd3 21. Rd1 Qxe2 22. Nxe2 Rfd8 23. Be3 Nc4 24. Bd4 a5 25. Bc3 a4 26. Nd4 Bf8 27. Bf1 Nd6 28. f3 Bg6 29. Rd2 Bxe4 30. fxe4 Nxe4 31. Rd3 Nxc3 32. bxc3 Rd5 33. Nc2 Rc5 34. Re1 Bg7 35. Ree3 Re5 36. Rxe5 Bxe5 37. g4 Kg7 38. Rd7 b5 39. c4 Rb8 40. Nb4 Rc8 41. cxb5 cxb5 42. Bxb5 Rc3 43. Rd3 Rc1+ 44. Kg2 Rb1 45. Bxa4 Rb2+ 46. Kf3 Rh2 47. Ke4 Bf4 48. Bd7 Re2+ 49. Kd5 Re5+ 50. Kc4 Re1 51. Bf5 Rc1+ 52. Kb5 Ra1 53. Rb3 Re1 54. Nc6 Rc1 55. a4 Bd6 56. a5 Rc5+ 57. Kb6 Rc1 58. a6 Bc5+ 59. Kb7 Bg1 60. Rb1 Rxb1+ 61. Bxb1 h5 62. Ne5 hxg4 63. hxg4 Kf6 64. Nd7+ Ke6 65. Nb6 1-0


[Site "https://www.chess.com"]

[Event "Titled Tuesday Blitz September 20 Late 2022"]
[White "Pham, Khoi"]
[Black "Pakleza, Zbigniew"]
[WhiteFideId "1054988"]
[BlackFideId "1119290"]
[WhiteElo "2418"]
[BlackElo "2411"]
[Result "0-1"]
[Round "09"]
[TimeControl "180+1"]
[Date "2022.09.20"]
[WhiteClock "0:00:19"]
[BlackClock "0:00:07"]

1. e4 d6 2. d4 Nf6 3. Nc3 c6 4. f4 Qb6 5. Nf3 Bg4 6. Be2 Bxf3 7. Bxf3 e5 8. dxe5 dxe5 9. Qe2 Nbd7 10. Bd2 Qxb2 11. Rb1 Qxc2 12. Rxb7 Nc5 13. Rb1 Nd3+ 14. Kf1 Bd6 15. f5 O-O 16. g4 Bb4 17. Rb3 Rfd8 18. g5 Nd7 19. Nd1 Bxd2 20. Rxd3 Nc5 21. Rxd8+ Rxd8 22. g6 Nd3 23. gxf7+ Kf8 24. Rg1 Nf4 25. Qa6 Bb4 26. Ne3 Qc1+ 27. Kf2 Qxe3+ 28. Kxe3 Bc5# 0-1


[Site "https://www.chess.com"]

[Event "Titled Tuesday Blitz September 20 Late 2022"]
[White "Rasulov, Vugar"]
[Black "Fernandez De La Vara, Arnaldo"]
[WhiteFideId "13402390"]
[BlackFideId "3518388"]
[WhiteElo "2509"]
[BlackElo "2387"]
[Result "1-0"]
[Round "09"]
[TimeControl "180+1"]
[Date "2022.09.20"]
[WhiteClock "0:00:06"]
[BlackClock "0:00:04"]

1. d4 c5 2. d5 Nf6 3. Nc3 d6 4. e4 a6 5. a4 g6 6. h3 Bg7 7. Nf3 O-O 8. Bd3 Nbd7 9. O-O Ne8 10. Bf4 Nc7 11. Re1 Rb8 12. e5 dxe5 13. Nxe5 Nxe5 14. Bxe5 b5 15. Bxg7 Kxg7 16. axb5 axb5 17. Bf1 Qd6 18. Ne4 Qb6 19. d6 exd6 20. Qxd6 Ne6 21. Qe5+ f6 22. Qd6 Rf7 23. c3 Rd7 24. Qg3 Qc7 25. Qxc7 Rxc7 26. Nd6 Bd7 27. b4 cxb4 28. cxb4 f5 29. Ra6 Kf8 30. h4 Nd4 31. f3 Rc6 32. Rxc6 Bxc6 33. Rd1 Nc2 34. Rc1 Nxb4 35. Rc5 Ke7 36. Nxb5 Bxb5 37. Rxb5 Rxb5 38. Bxb5 Nc2 39. Kf2 Nd4 40. Bc4 Kf6 41. Ke3 Nc2+ 42. Kf4 Ne1 43. Kg3 Ke5 44. f4+ Kf6 45. Kf2 Nc2 46. g3 Nd4 47. Ke3 Nc2+ 48. Kd2 Nd4 49. Kd3 Nc6 50. Bb5 Nd8 51. Kd4 Nf7 52. Kd5 Nh6 53. Be2 Nf7 54. Bf3 h5 55. Be2 Nh6 56. Kd6 Nf7+ 57. Kd7 Nh6 58. Bf3 Nf7 59. Bd1 Nh6 60. Ke8 Nf7 61. Kd7 Nh6 62. Kd6 Nf7+ 63. Kd5 Ke7 64. Bb3 Nd6 65. Bc2 Nf7 66. Bd3 Kf6 67. Kc6 Nd8+ 68. Kd7 Ne6 69. Kd6 Nd8 70. Bc4 Nb7+ 71. Kd5 Nd8 72. Bb3 Ne6 73. Ba2 Nc7+ 74. Kc6 Ne6 75. Kd5 Ng7 76. Kd6 Ne8+ 77. Kd7 Ng7 78. Bd5 Ne6 79. Bxe6 g5 80. hxg5+ Kg6 81. Ke7 h4 82. Bf7+ Kg7 83. gxh4 Kh7 84. Kf6 1-0


[Site "https://www.chess.com"]

[Event "Titled Tuesday Blitz September 20 Late 2022"]
[White "Rego, Pedro Filipe"]
[Black "Munoz Sanchez, Miguel"]
[WhiteFideId "1904310"]
[BlackFideId "3600734"]
[WhiteElo "2125"]
[BlackElo "2166"]
[Result "0-1"]
[Round "09"]
[TimeControl "180+1"]
[Date "2022.09.20"]
[WhiteClock "0:00:03"]
[BlackClock "0:00:17"]

1. d4 Nf6 2. Bf4 g6 3. Nc3 Bg7 4. e4 d6 5. Qd2 O-O 6. Bh6 c5 7. Nge2 cxd4 8. Nxd4 Nc6 9. Bxg7 Kxg7 10. O-O-O Qb6 11. Bc4 Nxd4 12. Qxd4 Qxd4 13. Rxd4 Be6 14. Bxe6 fxe6 15. e5 Ne8 16. f3 d5 17. Rb4 b6 18. Nb5 Kf7 19. h4 h5 20. g4 Ng7 21. Rg1 a6 22. Nd4 b5 23. a4 Rh8 24. Kd2 hxg4 25. Rxg4 Rh5 26. Rf4+ Nf5 27. axb5 axb5 28. Rxb5 Rxh4 29. Rxh4 Nxh4 30. Rb6 Rc8 31. c3 Ra8 32. Ke2 Ra2 33. Kf2 Nf5 34. Nxe6 Ra1 35. Ng5+ Kg7 36. b4 Rc1 37. Rc6 Rc2+ 38. Ke1 Ne3 39. Ne6+ Kf7 40. Nd4 Rb2 41. b5 Nc4 42. e6+ Kf6 43. f4 g5 44. fxg5+ Kxg5 45. Rc5 Kf4 46. Rxd5 Ke3 47. Nf5+ Ke4 48. Rc5 Ne5 49. Nxe7 Nd3+ 0-1


[Site "https://www.chess.com"]